 Dungeon Crawl Stone Soup version 0.21.1-1-g345015fe64 (webtiles) character file.

71 Htamos the Gusty (level 4, -2/24 HPs)
             Began as a Tengu Air Elementalist on July 10, 2018.
             Slain by a gnoll
             ... wielding a +0 spear
              (6 damage)
             ... on level 2 of the Dungeon.
             The game lasted 00:04:19 (1646 turns).

Htamos the Gusty (Tengu Air Elementalist)           Turns: 1646, Time: 00:04:20

Health: -2/24      AC:  2    Str:  8    XL:     4   Next: 24%
Magic:  1/8        EV: 12    Int: 17    God:
Gold:   83         SH:  0    Dex: 14    Spells: 6/7 levels left

rFire    . . .     SeeInvis +   k - +0 dagger
rCold    . . .     Gourm    .   (no shield)
rNeg     . . .     Faith    .   a - +0 robe
rPois    .         Spirit   .   o - +0 hat {SInv}
rElec    .         Reflect  .   (no cloak)
rCorr    .         Harm     .   (no gloves)
MR       .....                  (boots unavailable)
Stlth    ++........             (no amulet)
HPRegen  0.08/turn              (no ring)
MPRegen  0.11/turn              (no ring)

@: no status effects
A: beak, talons 3
a: no special abilities


You were on level 2 of the Dungeon.
You were not hungry.

You visited 1 branch of the dungeon, and saw 2 of its levels.

You collected 83 gold pieces.

Inventory:

Hand Weapons
 k - a +0 dagger (weapon)
Missiles
 d - 48 arrows
 e - 48 stones (quivered)
Armour
 a - a +0 robe (worn)
 l - a +0 cloak
 o - a +0 hat of see invisible (worn)
Scrolls
 f - a scroll of enchant weapon {unknown}
 h - 2 scrolls of identify
 j - a scroll of remove curse {unknown}
 m - a scroll of immolation {unknown}
 n - a scroll of fog {unknown}
Potions
 g - 2 potions of magic
 i - a potion of heal wounds {unknown}
 p - a potion of curing {unknown}
 q - a potion of ambrosia {unknown}
Books
 b - a book of Air

   Spells                             Type                      Level
   a - Shock                          Conjuration/Air              1
   b - Swiftness                      Charms/Air                   2
   c - Static Discharge               Conjuration/Air              3
   d - Airstrike                      Air                          4
   e - Lightning Bolt                 Conjuration/Air              5
Comestibles
 c - 2 rations


   Skills:
 * Level 1.8 Short Blades
 - Level 2.1 Dodging
 - Level 2.0 Stealth
 - Level 2.0 Spellcasting
 - Level 1.3 Conjurations
 + Level 6.0 Air Magic


You had 6 spell levels left.
You knew the following spells:

 Your Spells              Type           Power        Failure   Level  Hunger
a - Shock                 Conj/Air       ##..         4%          1    #......


Dungeon Overview and Level Annotations

Branches:
Dungeon (2/15)

Altars:


Innate Abilities, Weirdness & Mutations

You have a beak for a mouth.
You have claws for feet.


Message History

The gnoll is severely wounded.
The gnoll hits you with a spear.
You hit the gnoll but do no damage. Your kick misses the gnoll.
Your peck misses the gnoll.
The gnoll is severely wounded.
The gnoll hits you with a spear.
You hit the gnoll but do no damage. Your kick misses the gnoll.
The gnoll is severely wounded.
The gnoll hits you with a spear.
You hit the gnoll but do no damage.
The gnoll is severely wounded.
The gnoll hits you with a spear.
* * * LOW HITPOINT WARNING * * *
You barely miss the gnoll. Your kick misses the gnoll. You peck the gnoll.
The gnoll is severely wounded.
The gnoll barely misses you.
You barely miss the gnoll.
The gnoll is severely wounded.
The gnoll hits you with a spear.
You die...

#.##.#............#
.....##....##.#...#
#.##.............#
#.#.####.#.#######
#....###.#.#
#.....#....#
#.........#
##..##...g#
#..###.#@#######
#..............#
#..###.#.#####.#
#.># #.#.#
#..##.....
#..........
##.#####.### ####
#.......# ..#
#.####### #.# #.#


You could see a gnoll.

Vanquished Creatures
  Natasha (D:2)
  2 gnolls (D:2)
  An adder (D:1)
  A dart slug (D:1)
  A giant cockroach (D:1)
  A goblin (D:2)
  2 hobgoblins (D:1)
  A quokka (D:2)
  5 bats
  A frilled lizard (D:2)
  A kobold (D:1)
  A rat (D:1)
18 creatures vanquished.

Notes
Turn   | Place    | Note
-------+----------+-------------------------------------------
     0 | D:1      | Htamos the Tengu Air Elementalist began the quest for the Orb.
     0 | D:1      | Reached XP level 1. HP: 10/10 MP: 4/4
   496 | D:1      | Reached XP level 2. HP: 15/15 MP: 6/6
   869 | D:2      | Reached skill level 5 in Air Magic
   956 | D:2      | Noticed Natasha
   962 | D:2      | Killed Natasha
   962 | D:2      | Reached skill level 1 in Short Blades
   962 | D:2      | Reached XP level 3. HP: 19/19 MP: 0/7
  1442 | D:2      | Reached XP level 4. HP: 23/24 MP: 6/8
  1615 | D:2      | Reached skill level 6 in Air Magic
  1646 | D:2      | Slain by a gnoll

Skill      XL: |  1  2  3  4 |
---------------+-------------+-----
Air Magic      | 5 6 |  6.0
Short Blades   | 1 |  1.8
Dodging        | |  2.1
Stealth        | |  2.0
Spellcasting   | |  2.0
Conjurations   | |  1.3

Action                   |  1- 3 |  4- 6 || total
-------------------------+-------+-------++-------
Melee: Dagger            |     3 |     9 ||    12
       Kick              |     2 |       ||     2
       Peck              |       |     1 ||     1
 Cast: Shock             |    37 |    15 ||    52
  Use: Scroll            |     1 |       ||     1
 Stab: Sleeping          |     1 |       ||     1
  Eat: Chunk             |     1 |     2 ||     3
Armor: Robe              |     3 |       ||     3
Dodge: Dodged            |    11 |     4 ||    15
